 Dungeon Crawl Stone Soup version 0.27.1-2-g3b301248ec (webtiles) character file.

Game seed: 11101831149011390471

39 vvl the Caller (level 3, -2/25 HPs)
             Began as a Merfolk Summoner on Sept 30, 2021.
             Slain by a goblin (6 damage)
             ... led by Robin
             ... on level 1 of the Dungeon.
             The game lasted 00:04:44 (2811 turns).

vvl the Caller (Merfolk Summoner)                   Turns: 2811, Time: 00:04:46

Health: -2/25      AC:  2    Str:  9    XL:     3   Next: 45%
Magic:  0/6        EV: 13    Int: 14    God:
Gold:   85         SH:  0    Dex: 14    Spells: 5/6 levels left

rFire    . . .     SeeInvis .   b - +0 short sword
rCold    . . .     Faith    .   (no shield)
rNeg     . . .     Spirit   .   a - +0 robe
rPois    .         Reflect  .   (no helmet)
rElec    .         Harm     .   (no cloak)
rCorr    .         Rampage  .   (no gloves)
Will     .....                  (no boots)
Stlth    ++........             (no amulet)
HPRegen  0.08/turn              (no ring)
MPRegen  0.10/turn              (no ring)

@: no status effects
A: (nimble swimmer 2), mertail
a: no special abilities


You were on level 1 of the Dungeon.
You visited 1 branch of the dungeon, and saw 2 of its levels.

You collected 85 gold pieces.

Inventory:

Hand Weapons
 b - a +0 short sword (weapon)
 c - a +0 spear
Armour
 a - a +0 robe (worn)
Scrolls
 e - a scroll of identify {unknown}
Potions
 d - a potion of lignification {unknown}
 f - a potion of berserk rage {unknown}


   Skills:
 + Level 0.8 Fighting
 + Level 1.1 Polearms
 + Level 3.0 Dodging
 - Level 2.1 Stealth
 + Level 1.0 Unarmed Combat
 + Level 2.3 Spellcasting
 + Level 4.1 Summonings
 + Level 1.2 Transmutations
 + Level 1.0 Invocations


You had 5 spell levels left.
You knew the following spells:

 Your Spells              Type           Power      Damage    Failure   Level
a - Summon Small Mammal   Summ           52%        N/A       4%          1

Your spell library contained the following spells:

 Spells                   Type           Power      Damage    Failure   Level
 Call Imp                 Summ           13%        N/A       6%          2
 Call Canine Familiar     Summ           13%        N/A       13%         3
 Summon Guardian Golem    Hex/Summ       7%         N/A       30%         3
 Summon Lightning Spire   Summ/Air       7%         N/A       69%         4


Dungeon Overview and Level Annotations

Branches:
Dungeon (2/15)

Altars:

Annotations:
D:1 Jessica
D:2 Robin


Innate Abilities, Weirdness & Mutations

((You are quick and stealthy near water. (Stealth+, EV+, Speed+++)))
Your lower body shifts to a powerful aquatic tail in water.


Message History

Jessica seems to speed up.
Jessica barely misses you. The goblin hits you with a +0 dagger.
Your rat closely misses Jessica.
Jessica hits you with a +0 club. The goblin closely misses you.
Jessica hits you with a +0 club.
Your quokka closely misses Jessica.
Your rat bites Jessica but does no damage.
Your magical contamination has completely faded away.
Jessica closely misses your quokka.
Your quokka bites Jessica but does no damage.
Your rat closely misses Jessica.
Your rat barely misses Jessica.
You closely miss the goblin. Jessica closely misses your quokka.
Your rat bites Jessica.
Your quokka barely misses Jessica.
Jessica barely misses your quokka. The goblin hits you with a +0 dagger.
Your rat completely misses Jessica.
Your rat bites Jessica.
Your rat closely misses Jessica.
Unknown command.
You closely miss the goblin.
Jessica hits your quokka with a +0 club.
Your quokka barely misses Jessica.
The goblin hits you with a +0 dagger.
* * * LOW HITPOINT WARNING * * *
Your rat closely misses Jessica.
Your rat barely misses Jessica.
Your quokka bites Jessica but does no damage.
Jessica hits your quokka with a +0 club.
Your quokka dies!
Your quokka's corpse disappears in a puff of smoke!
Your rat bites Jessica.
You closely miss the goblin. Jessica hits your rat with a +0 club.
Your rat dies!
Your rat's corpse disappears in a puff of smoke!
The goblin hits you but does no damage.
Your rat bites Jessica but does no damage.
Your rat bites Jessica.
Unknown command.
Casting: Summon Small Mammal (safe; 4% risk of failure)
Confirm with . or Enter, or press ? or * to list all spells.
Jessica hits your rat with a +0 club.
Your rat dies!
Your rat's corpse disappears in a puff of smoke!
The goblin hits you with a +0 dagger.
You die...

#.........##########
#.........##........
##############...................
.......................##>.......
.#############.........###.#.####
.# ##.......#......# .#
#r@ยง.......#..### .#
#.>.......##(.# .#
#.g@..........## .#
#...r..........# .#
#..............# .#
##.............# .########
#..............# ........#
#.#............# #######.#
#.........###### .....##.#
#.......#.## ####.##.##
#....####..#


You could see Jessica (fast, unaware, ally target), a goblin (strong, ally
target) and 2 friendly rats.

Vanquished Creatures
  3 endoplasms (D:2)
  2 hobgoblins (D:1)
  2 kobolds (D:2)
  A ball python (D:1)
  3 bats
  2 goblins (D:1)
  2 rats (D:2)
15 creatures vanquished.

Vanquished Creatures (collateral kills)
  An adder (D:2)
  A worm (D:2)
  2 endoplasms (D:2)
  A giant cockroach (D:1)
  7 goblins
  A hobgoblin (D:1)
  2 kobolds
  A ball python (D:1)
  2 frilled lizards
  A rat (D:2)
19 creatures vanquished.

Grand Total: 34 creatures vanquished

Notes
Turn   | Place    | Note
-------+----------+-------------------------------------------
     0 | D:1      | vvl the Merfolk Summoner began the quest for the Orb.
     0 | D:1      | Reached XP level 1. HP: 13/13 MP: 3/3
   726 | D:1      | Reached XP level 2. HP: 17/19 MP: 5/5
  1809 | D:2      | Reached skill level 1 in Polearms
  1809 | D:2      | Reached skill level 1 in Unarmed Combat
  1809 | D:2      | Reached skill level 1 in Transmutations
  1809 | D:2      | Reached XP level 3. HP: 25/25 MP: 2/6
  2075 | D:2      | Reached skill level 1 in Invocations
  2380 | D:2      | Noticed Jessica
  2390 | D:2      | Noticed Robin
  2811 | D:1      | Slain by a goblin

Illustrated notes

Levels and vault maps discovered:
D:1:      shiori_shiawase, layout_rooms
D:2:      layout_rooms, kennysheep_generic_room_10, uniq_jessica, uniq_robin

Skill      XL: |  1  2  3 |
---------------+----------+-----
Polearms       | 1 |  1.1
Unarmed Combat | 1 |  1.0
Transmutations | 1 |  1.2
Invocations    | 1 |  1.0
Dodging        | 3 |  3.0
Fighting       | |  0.8
Stealth        | |  2.1
Spellcasting   | |  2.3
Summonings     | |  4.1

Action                   || total
-------------------------++-------
Melee: Unarmed           ||    13
       Short sword       ||    90
 Cast: Summon Small Mamm ||    49
 Stab: Sleeping          ||     1
Armor: Robe              ||    35
Dodge: Dodged            ||    86
